 Dungeon Crawl Stone Soup version 0.14-a0-1613-gd720e3e (webtiles) character file.

217 Bastard the Cudgeler (level 4, -6/35 HPs)
             Began as a Demonspawn Chaos Knight on Dec 24, 2013.
             Was a Plaything of Xom.
             Killed from afar by an orc wizard (8 damage)
             ... with a magic dart
             ... on Level 3 of the Dungeon.
             The game lasted 00:02:40 (1628 turns).

Bastard the Cudgeler (Demonspawn Chaos Knight)      Turns: 1628, Time: 00:02:41

HP  -6/35        AC 10     Str 12      XL: 4   Next: 86%
MP   0/4         EV 10     Int 13      God: Xom
Gold 89          SH  0     Dex 14      Spells:  0 memorised,  3 levels left

rFire  . . .     SeeInvis .     a - +0 mace (chaos)
rCold  . . .     Clarity  .     b - +2 leather armour
rNeg   . . .     Conserve .     (no shield)
rPois  .         rCorr    .     (no helmet)
rElec  .         rRot     .     (no cloak)
SustAb . .       Spirit   +     n - +0 pair of gloves
rMut   .         Warding  .     (no boots)
Saprov . . .     Stasis   +     t - amulet of stasis {unknown}
                                (no ring)
                                (no ring)

@: slightly resistant to hostile enchantments, unstealthy
A: iridescent scales 1, powered by pain 1, magic shield
a: Renounce Religion


You were on level 3 of the Dungeon.
You worshipped Xom.
You were a toy of Xom.
You were not hungry.

You visited 1 branch of the dungeon, and saw 3 of its levels.

You collected 89 gold pieces.

Inventory:

Hand weapons
 a - a +0,+0 mace of chaos (weapon)
Armour
 b - a +2 leather armour (worn)
 n - a +0 pair of gloves (worn)
Comestibles
 c - 3 bread rations
Scrolls
 d - 4 scrolls of remove curse
 g - a scroll of random uselessness {unknown}
 i - a scroll of immolation {unknown}
 j - 2 scrolls of curse jewellery {unknown}
 k - a scroll of magic mapping {unknown}
 l - a scroll of fear {unknown}
 o - a scroll of enchant armour {unknown}
 s - 2 scrolls of identify {unknown}
Jewellery
 t - an amulet of stasis (around neck) {unknown}
Potions
 e - a potion of restore abilities {unknown}
 p - 2 potions of might {unknown}
 r - a potion of curing {unknown}


   Skills:
 - Level 3.0 Fighting
 + Level 5.1 Maces & Flails
 - Level 1.7 Armour
 - Level 0.8 Dodging


You had 3 spell levels left.
You didn't know any spells.

Dungeon Overview and Level Annotations

Branches:
Dungeon (3/16)

Altars:
Cheibriados
Okawaru


Innate Abilities, Weirdness & Mutations

You are partially covered in iridescent scales (AC +4).
You sometimes gain a little power by taking damage.
When hurt, damage is shared between your health and your magic reserves.


Message History

You are too injured to fight recklessly!
You are too injured to fight recklessly!
You are too injured to fight recklessly!
You are too injured to fight recklessly!
You are too injured to fight recklessly!
You hit the orc wizard.
You feel better.
The orc wizard is moderately wounded.
The orc wizard looks more healthy.
The orc wizard gestures at you while chanting.
The puff of frost misses you.
The orc wizard points at you and mumbles some strange words.
The puff of frost hits you!
* * * LOW HITPOINT WARNING * * *
You hit the orc wizard. You burn the orc wizard.
The orc wizard is heavily wounded.
The orc wizard barely misses you.
The orc wizard points at you and mumbles some strange words.
The magic dart hits you!
You die...
Xom guffaws!

#># #.# #.# #.# #.# #.# #.#
############ #.# .......o@..#
#.################.####
#....(...#########)#..#
###...##.#.........#.##
..'....#.#.#########.########
###....#.#.# #...)....#
#....#.#.################.#
#....#.#................#.#
#....#.################.#.#


You could see an orc wizard.

Vanquished Creatures
  The ghost of Bastard the Cudgeler, a weakling DsSk (D:3)
  3 adders
  2 giant geckos (D:1)
  2 orcs (D:3)
  2 hobgoblins (D:1)
  8 jackals (D:1)
  8 bats
  4 giant cockroaches
  3 giant newts
  11 goblins
  5 kobolds
  2 quokkas (D:2)
  8 rats
59 creatures vanquished.

Vanquished Creatures (others)
  A bat zombie (D:2)
1 creature vanquished.

Grand Total: 60 creatures vanquished

Notes
Turn   | Place    | Note
--------------------------------------------------------------
     0 | D:1      | Bastard, the Demonspawn Chaos Knight, began the quest for the Orb.
     0 | D:1      | Reached XP level 1. HP: 18/18 MP: 1/1
   146 | D:1      | XOM: divination: detect creatures
   159 | D:1      | Found a snail-covered altar of Cheibriados.
   193 | D:1      | Gained mutation: You are partially covered in iridescent scales (AC +4). [demonic ancestry]
   193 | D:1      | Reached XP level 2. HP: 24/24 MP: 2/2
   550 | D:1      | Gained mutation: When hurt, damage is shared between your health and your magic reserves. [demonic ancestry]
   550 | D:1      | Reached XP level 3. HP: 29/29 MP: 3/3
   576 | D:1      | XOM: noise
   644 | D:1      | XOM: divination: detect creatures
   707 | D:2      | Reached skill level 4 in Maces & Flails
  1211 | D:3      | Gained mutation: You sometimes gain a little power by taking damage. [demonic ancestry]
  1211 | D:3      | Reached XP level 4. HP: 35/35 MP: 4/4
  1344 | D:3      | XOM: mild Divn miscast
  1465 | D:3      | Found an iron altar of Okawaru.
  1575 | D:3      | Noticed Bastard's ghost (weakling DsSk)
  1583 | D:3      | Killed Bastard's ghost
  1583 | D:3      | Reached skill level 5 in Maces & Flails
  1628 | D:3      | Killed from afar by an orc wizard

Action                   |  1- 3 |  4- 6 || total
-------------------------+-------+-------++-------
Melee: Mace              |   119 |    33 ||   152
  Use: Scroll            |       |     1 ||     1
 Stab: Paralysed         |     1 |       ||     1
